 Dungeon Sprint DCSS version 0.21.1-1-g345015fe64 (webtiles) character file.

60 Danqa the Shield-Bearer (level 3, -7/37 HPs)
             Began as a Minotaur Fighter on Mar 27, 2018.
             Killed by divine providence
             ... invoked by an oklob sapling priest
              (14 damage)
             ... in the Dungeon (Sprint IV: "Fedhas' Mad Dash").
             The game lasted 00:02:11 (495 turns).

Danqa the Shield-Bearer (Minotaur Fighter)           Turns: 495, Time: 00:02:12

Health: -7/37      AC:  7    Str: 21    XL:     3   Next: 82%
Magic:  0/2        EV:  8    Int:  5    God:
Gold:   34         SH: 10    Dex:  9    Spells: 2/2 levels left

rFire    . . .     SeeInvis .   a - +0 long sword
rCold    . . .     Gourm    .   c - +0 shield
rNeg     . . .     Faith    .   b - +0 scale mail
rPois    .         Spirit   .   (helmet restricted)
rElec    .         Reflect  .   (no cloak)
rCorr    .         Harm     .   (no gloves)
MR       .....     NoTele   +   (no boots)
Stlth    ..........             n - amulet of invisibility {+Inv}
HPRegen  0.12/turn              (no ring)
MPRegen  0.08/turn              (no ring)

@: very slightly contaminated, invisible
A: retaliatory headbutt, horns 2
a: no special abilities


You were in the Dungeon.
You were not hungry.

You visited 1 branch You collected 34 gold pieces.

Inventory:

Hand Weapons
 a - a +0 long sword (weapon)
Armour
 b - a +0 scale mail (worn)
 c - a +0 shield (worn)
Jewellery
 n - the amulet of invisibility (around neck) {+Inv}
   (You found it in the Dungeon)

   [amulet of nothing]

   It lets you turn invisible.
Scrolls
 l - a scroll of immolation {unknown}
 m - a scroll of amnesia {unknown}
Potions
 d - a potion of might
 e - a potion of curing
 g - a potion of heal wounds
 h - a potion of haste
 i - 2 potions of magic
 j - a potion of berserk rage
 k - a potion of lignification {unknown}
Comestibles
 f - a ration


   Skills:
 + Level 6.1 Fighting
 + Level 3.7 Long Blades
 + Level 6.1 Armour
 + Level 6.1 Shields


You had 2 spell levels left.
You didn't know any spells.

Dungeon Overview and Level Annotations

Branches:
Dungeon (1/1)

Altars:
Cheibriados
Dithmenos
Elyvilon
Gozag
Hepliaklqana
Kikubaaqudgha
Makhleb
Nemelex Xobeh
Okawaru
Qazlal
Ru
Sif Muna
Trog
Uskayaw
Vehumet
Wu Jian
Xom
Yredelemnul
Zin
The Shining One
Beogh
Jiyva
Lugonu

Annotations:
D exclusion: oklob sapling


Innate Abilities, Weirdness & Mutations

You reflexively headbutt those who attack you in melee.
You have a pair of horns on your head.


Message History

You fail to use your ability.
You fade into invisibility!
You are very lightly contaminated with residual magic.
You feel somewhat more hungry.
The oklob sapling priest spits acid at something.
The splash of acid misses you.
Found three altars.
Found a corrupted altar of Lugonu and a radiant altar of Vehumet.
There is a hazy altar of Hepliaklqana here.
You strike the helpless oklob sapling priest from behind!
You hit the oklob sapling priest but do no damage.
You headbutt the oklob sapling priest, but do no damage.
The oklob sapling priest spits acid at you.
The splash of acid hits you!
You are splashed with acid!
The acid burns!
* * * LOW HITPOINT WARNING * * *
You hit the oklob sapling priest.
The oklob sapling priest is moderately damaged.
The oklob sapling priest calls down the wrath of its god upon you.
Something smites you!
You die...

########################
....#.....#.⌠._._._._.⌠.
....'.#...'.._._@_._._..
....#.#...#..._._P_._...
########+##.._._._._._..
#._._._._._.⌠.
##############


You could see an oklob sapling priest.

Vanquished Creatures
  An oklob sapling (D)
  A worker ant (D)
  A river rat (D)
  A rat (D)
4 creatures vanquished.

Notes
Turn   | Place    | Note
-------+----------+-------------------------------------------
     0 | D        | Danqa the Minotaur Fighter began the quest for the Orb.
     0 | D        | Reached XP level 1. HP: 19/19 MP: 0/0
    16 | D        | Reached XP level 2. HP: 14/28 MP: 1/1
   189 | D        | Noticed an oklob sapling
   191 | D        | Found the amulet of invisibility {+Inv}
   198 | D        | Reached skill level 5 in Fighting
   198 | D        | Reached skill level 5 in Armour
   198 | D        | Reached skill level 5 in Shields
   198 | D        | Reached XP level 3. HP: 18/36 MP: 2/2
   477 | D        | Killed an oklob sapling
   483 | D        | Found an opulent altar of Gozag.
   483 | D        | Found a hazy altar of Hepliaklqana.
   483 | D        | Found a roughly hewn altar of Beogh.
   483 | D        | Found a snail-covered altar of Cheibriados.
   484 | D        | Found a burning altar of Makhleb.
   484 | D        | Found a sparkling altar of Nemelex Xobeh.
   484 | D        | Found a sacrificial altar of Ru.
   484 | D        | Found a deep blue altar of Sif Muna.
   484 | D        | Found a shimmering altar of Xom.
   484 | D        | Found a basalt altar of Yredelemnul.
   485 | D        | Found a viscous altar of Jiyva.
   485 | D        | Found a bloodstained altar of Trog.
   485 | D        | Found an ornate altar of the Wu Jian Council.
   485 | D        | Noticed an oklob sapling priest
   486 | D        | Found an iron altar of Okawaru.
   486 | D        | Found a glowing silver altar of Zin.
   486 | D        | Found a shadowy altar of Dithmenos.
   487 | D        | Found a hide-covered altar of Uskayaw.
   487 | D        | Found an ancient bone altar of Kikubaaqudgha.
   490 | D        | Found a stormy altar of Qazlal.
   490 | D        | Found a glowing golden altar of the Shining One.
   490 | D        | Found a white marble altar of Elyvilon.
   491 | D        | Found a corrupted altar of Lugonu.
   491 | D        | Found a radiant altar of Vehumet.
   495 | D        | Killed from afar by an oklob sapling priest

Skill      XL: |  1  2  3 |
---------------+----------+-----
Fighting       | 4 5 6 |  6.1
Armour         | 4 5 6 |  6.1
Shields        | 4 5 6 |  6.1
Long Blades    | 3 |  3.7

Action                   || total
-------------------------++-------
Melee: Long sword        ||    19
       Headbutt          ||     3
 Abil: Evoke Invisibilit ||     1
  Use: Scroll            ||     1
 Stab: Invisible         ||     1
Armor: Scale mail        ||     1
Dodge: Dodged            ||     5
Block: Shield            ||     9
       Rpst.: Long sword ||     1
